 Dungeon Sprint DCSS version 0.03.2.1-71-g8aa608150a (webtiles) character file.

Game seed: 14854045797164993415, levelgen mode: deterministic

12644 esc the Spry (level 11, 0/6 HPs) Fairy Earth Elementalist. Began on Feb 13, 2021. Was the Champion of Vehumet. Slain by a 12-headed hydra (1 damage) ... in the Dungeon (Sprint I: "Red Sonja"). The game lasted 00:12:01 (1006 turns).

esc the Spry (Fairy Earth Elementalist)             Turns: 1006, Time: 00:12:02

Health: 0/6        AC:  0    Str:  1 (2)  XL:     11 ^: 3785
Magic:  7/7        EV: 44    Int: 14 (16) God:    Vehumet [6* [200]]
Gold:   1431       SH:  0    Dex: 15      Spells: 38/45 levels left

rFire    . . .     Vision   .   i - ring "Axiolan" {MP+9 Str+2}
rCold    . . .     Gourm    .
rNeg     . . .     Faith    .
rPois    .         Spirit   .
rElec    .         Reflect  .
rCorr    .         Harm     .
MR       ++...     NoTele   +
Stlth    +.........
HPRegen  0.12/turn
MPRegen  0.17/turn

@: flying, glowing, slow
A: tiny, no armour or weapons, only one jewelry slot, no melee attacks, fairy
magic, fairy shield, fairy light, decreased potion and divine healing, clumsy 2,
deterioration 2, dopey 2, frail 1, low mp 1, screaming 2, slowness 1, weak 1,
able to fly, insubstantial
a: Stop Flying, Renounce Religion


You were in the Dungeon.
You worshipped Vehumet.
Vehumet was exalted by your worship.
You were not hungry.

You visited 1 branch You collected 2096 gold pieces.
You spent 665 gold pieces at shops.

Inventory:

Jewellery
 i - the ring "Axiolan" (around core) {MP+9 Str+2}
   (You acquired it in the Dungeon)

   [ring of magical power]

   It affects your strength (+2).
   It affects your magic capacity (+9).
Wands
 a - a wand of ensnaring (2)
 n - a wand of flame (1)
Scrolls
 h - a scroll of blinking
 k - a scroll of summoning
 l - a scroll of fog
Potions
 c - 2 potions of curing
 d - 2 potions of heal wounds
 e - a potion of haste
 f - 2 potions of magic
 g - a potion of berserk rage
 j - a potion of agility
Miscellaneous
 m - a phial of floods
Comestibles
 b - 2 rations
 o - 35 chunks of flesh


   Skills:
 + Level 20.4 Dodging
 - Level 1.4 Stealth
 + Level 17.7 Spellcasting
   Level 1.0 Transmutations
 + Level 16.5 Earth Magic


You had 38 spell levels left.
You knew the following spells:

 Your Spells              Type           Power        Failure   Level  Hunger
a - Sandblast             Erth           50 (50)      0%          1    None
b - Iron Shot             Erth           55 (200)     1%          6    ######.

Your spell library contained the following spells:

 Spells                   Type           Power        Failure   Level  Hunger
 Stone Arrow              Erth           50 (50)      0%          3    None
 Freeze                   Ice            12 (25)      1%          1    None
 Passwall                 Tmut/Erth      36 (120)     1%          2    None
 Searing Ray              Fire           12 (50)      1%          2    None
 Petrify                  Tmut/Erth      36 (100)     1%          4    #......
 Iskenderun's Battlesphe  Chrm/Erth      35 (100)     1%          5    ####...
 Lee's Rapid Deconstruct  Erth           55 (200)     1%          5    ####...
 Methodical Deconstructi  Erth           55 (200)     1%          5    ####...
 Blinding Spray           Hex/Pois       12 (50)      4%          3    None
 Muse Oam's Air Blast     Tloc/Air       12 (100)     13%         4    #......
 Sticky Flame             Fire/Pois      12 (100)     13%         4    #......
 Freezing Cloud           Ice/Air        12 (200)     86%         6    ######.
 Iskenderun's Icy Sphere  Ice            12 (200)     100%        7    #######


Dungeon Overview and Level Annotations

Branches:
Dungeon (1/1)

Altars:
Cheibriados
Dithmenos
Elyvilon
Fedhas Madash
Gozag Ym Sagoz
Hepliaklqana
Kikubaaqudgha
Makhleb
Nemelex Xobeh
Okawaru
Qazlal
Ru
Sif Muna
Trog
Uskayaw
Vehumet
Wu Jian
Xom
Yredelemnul
Zin
The Shining One
Jiyva
Lugonu

Shops:
D [*%:?=?:![*:[!:?}:*[(


Innate Abilities, Weirdness & Mutations

You are too small to use any gear.
You can wear a single ring or amulet completely around your body.
You are incapable of melee of any kind.
Your magic reserves are extremely low but spells that normally cost one mana are free and all other spells cost one mana.
You are extremely frail but all attacks that strike you do exactly one damage.
You exude a bright light in a small radius around yourself.
The effect of potions and godly healing effects is reduced to match your tiny health and magic reserves.
You cover ground slowly.
You can fly continuously.
Your insubstantial form boosts your evasion and grants immunity to sticky flames, nets and constriction.
You are very clumsy. (Dex -4)
Your body often deteriorates upon taking damage.
You are very dopey. (Int -4)
You are frail. (-10% HP)
Your magical capacity is low. (-10% MP)
You sometimes yell uncontrollably at your foes.
You are weak. (Str -2)


Message History

The 12-headed hydra completely misses you (0).
The 12-headed hydra barely misses you (0).
The 12-headed hydra closely misses you (0).
The 12-headed hydra misses you (0). The 12-headed hydra bites you (17)!
The 12-headed hydra completely misses you (0). x3
The 12-headed hydra bites you (11)!
Your body deteriorates!
You feel dopey.
The 12-headed hydra completely misses you (0).
The 12-headed hydra completely misses you (0). x2
The 12-headed hydra bites you (8)!
Your body deteriorates!
You feel dopey.
The 12-headed hydra closely misses you (0).
The 12-headed hydra bites you (15)!
* * * LOW HITPOINT WARNING * * *
The 12-headed hydra completely misses you (0). x2
The 12-headed hydra misses you (0).
The 12-headed hydra barely misses you (0).
The 12-headed hydra completely misses you (0). x2
The 12-headed hydra bites you (13)!
You die...

#######################
)...#[.#..÷§§§§.@DG'.$#
#...##'#§####§§.§§##$.+
#...'§.#.# ##...## ##
#####.§'.# ###+#
#..##+#### §.§# #.§#
##'### ##.'.#


You could see a 12-headed hydra and a floating eye.

Vanquished Creatures
  2 unseen horrors (D)
  Sonja (D)
  A lindwurm (D)
  A deep troll (D)
  2 centaur warriors (D)
  An oklob plant (D)
  8 shining eyes (D)
  2 kobold demonologists (D)
  A hornet (D)
  4 demonic crawlers (D)
  Sigmund (D)
  13 hogs (D)
  A slime creature (D)
  A yak (D)
  2 redbacks (D)
  7 necrophages (D)
  6 floating eyes (D)
  Ijyb (D)
  An ogre (D)
  8 jellies (D)
  3 ballistomycetes (D)
67 creatures vanquished.

Vanquished Creatures (others)
  2 ballistomycete spores (D)
2 creatures vanquished.

Grand Total: 69 creatures vanquished

Notes
Turn   | Place    | Note
-------+----------+-------------------------------------------
     0 | D        | esc the Fairy Earth Elementalist began the quest for the
                  | Orb.
     0 | D        | Reached XP level 1. HP: 3/3 MP: 3/3
     1 | D        | Noticed Ijyb
     5 | D        | Killed Ijyb
     5 | D        | Reached skill level 6 in Dodging
     5 | D        | Reached skill level 5 in Spellcasting
     5 | D        | Reached skill level 5 in Earth Magic
     5 | D        | Reached XP level 2. HP: 3/3 MP: 3/3
     5 | D        | Reached XP level 3. HP: 4/4 MP: 3/3
     5 | D        | Reached XP level 4. HP: 4/4 MP: 3/3
    16 | D        | Noticed an ogre
    19 | D        | Killed an ogre
    19 | D        | Reached skill level 8 in Dodging
    19 | D        | Reached XP level 5. HP: 4/4 MP: 3/3
    31 | D        | Noticed Sigmund
    35 | D        | Killed Sigmund
    35 | D        | Reached skill level 10 in Dodging
    35 | D        | Reached XP level 6. HP: 5/5 MP: 3/3
    51 | D        | Found an ornate altar of the Wu Jian Council.
    51 | D        | Found a shimmering blue altar of Sif Muna.
    53 | D        | Found a radiant altar of Vehumet.
    82 | D        | Found Akuipuisump's Book Emporium.
    82 | D        | Found an ancient bone altar of Kikubaaqudgha.
    82 | D        | Found a hazy altar of Hepliaklqana.
    82 | D        | Found a stormy altar of Qazlal.
    82 | D        | Found a hide-covered altar of Uskayaw.
    82 | D        | Found a blossoming altar of Fedhas.
    82 | D        | Found a bloodstained altar of Trog.
    82 | D        | Found an iron altar of Okawaru.
    82 | D        | Found a basalt altar of Yredelemnul.
    82 | D        | Found a glowing golden altar of the Shining One.
    82 | D        | Found a snail-covered altar of Cheibriados.
    82 | D        | Found a sacrificial altar of Ru.
    82 | D        | Found a glowing silver altar of Zin.
    82 | D        | Found a shadowy altar of Dithmenos.
    82 | D        | Found a white marble altar of Elyvilon.
    82 | D        | Noticed a yak
    85 | D        | Killed a yak
    85 | D        | Reached skill level 11 in Dodging
    86 | D        | Found an opulent altar of Gozag.
    89 | D        | Found a sparkling altar of Nemelex Xobeh.
   104 | D        | Became a worshipper of Vehumet
   115 | D        | Noticed Sonja
   122 | D        | Killed Sonja
   122 | D        | Reached skill level 13 in Dodging
   122 | D        | Reached skill level 10 in Earth Magic
   122 | D        | Reached XP level 7. HP: 4/5 MP: 3/4
   122 | D        | Reached XP level 8. HP: 4/5 MP: 3/4
   182 | D        | Found Jemit's Antique Armour Boutique.
   202 | D        | Noticed a deep troll
   213 | D        | Killed a deep troll
   213 | D        | Reached skill level 14 in Dodging
   239 | D        | Found Foyshout's Armour Emporium.
   254 | D        | Noticed a centaur warrior
   258 | D        | Killed a centaur warrior
   258 | D        | Reached * piety under Vehumet
   258 | D        | Offered knowledge of Freeze by Vehumet.
   259 | D        | Noticed a centaur warrior
   262 | D        | Killed a centaur warrior
   262 | D        | Reached skill level 15 in Dodging
   262 | D        | Reached XP level 9. HP: 4/6 MP: 4/5
   278 | D        | Offered knowledge of Searing Ray by Vehumet.
   301 | D        | Found a viscous altar of Jiyva.
   301 | D        | Found a corrupted altar of Lugonu.
   302 | D        | Found a burning altar of Makhleb.
   302 | D        | Found a shimmering altar of Xom.
   307 | D        | Reached ** piety under Vehumet
   322 | D        | Noticed a kobold demonologist
   326 | D        | Noticed a kobold demonologist
   330 | D        | Noticed a smoke demon
   330 | D        | Killed a kobold demonologist
   330 | D        | Offered knowledge of Blinding Spray by Vehumet.
   330 | D        | Reached skill level 16 in Dodging
   333 | D        | Killed a kobold demonologist
   358 | D        | Noticed an oklob plant
   366 | D        | Killed an oklob plant
   366 | D        | Reached *** piety under Vehumet
   372 | D        | Offered knowledge of Muse Oam's Air Blast by Vehumet.
   372 | D        | Reached XP level 10. HP: 6/6 MP: 5/5
   389 | D        | Noticed an unseen horror
   389 | D        | Noticed an unseen horror
   393 | D        | Killed an unseen horror
   393 | D        | Reached skill level 17 in Dodging
   399 | D        | Killed an unseen horror
   399 | D        | Reached **** piety under Vehumet
   399 | D        | Offered knowledge of Iskenderun's Battlesphere by Vehumet.
   399 | D        | Reached skill level 15 in Spellcasting
   420 | D        | Reached ***** piety under Vehumet
   424 | D        | Offered knowledge of Sticky Flame by Vehumet.
   441 | D        | Reached ****** piety under Vehumet
   441 | D        | Offered knowledge of Iskenderun's Icy Sphere by Vehumet.
   441 | D        | Reached skill level 18 in Dodging
   469 | D        | Found Ilunout's Book Shoppe.
   469 | D        | Found Xodagoh's Magic Scroll Shop.
   469 | D        | Found Suanli's Distillery.
   471 | D        | Found Fecliel's Armour Emporium.
   471 | D        | Found Fitaj's General Store.
   471 | D        | Found Jupui's Book Shoppe.
   471 | D        | Found Qapp's Armour Boutique.
   471 | D        | Found Zismo's Distillery.
   471 | D        | Found Joynob's Book Shop.
   471 | D        | Found Ziawebah's Magic Scroll Shoppe.
   475 | D        | Found Luetwauff's Gadget Boutique.
   478 | D        | Found Kucvymi's General Store.
   478 | D        | Found Idifadeha's Book Boutique.
   479 | D        | Found Rawapry's Weapon Emporium.
   526 | D        | Noticed a shining eye
   526 | D        | Noticed a shining eye
   526 | D        | Noticed a shining eye
   527 | D        | Gained mutation: Your body sometimes deteriorates upon
                  | taking damage. [a shining eye]
   527 | D        | Gained mutation: You are clumsy. (Dex -2) [a shining eye]
   527 | D        | Noticed a shining eye
   527 | D        | Noticed a shining eye
   532 | D        | Gained mutation: You are very clumsy. (Dex -4) [a shining
                  | eye]
   537 | D        | Killed a shining eye
   540 | D        | Gained mutation: Your magical capacity is low. (-10% MP) [a
                  | shining eye]
   541 | D        | Killed a shining eye
   541 | D        | Gained mutation: You are dopey. (Int -2) [a shining eye]
   542 | D        | Killed a shining eye
   542 | D        | Reached skill level 15 in Earth Magic
   546 | D        | Killed a shining eye
   546 | D        | Reached XP level 11. HP: 6/6 MP: 5/5
   547 | D        | Offered knowledge of Iron Shot by Vehumet.
   550 | D        | Reached skill level 19 in Dodging
   553 | D        | Gained mutation: Your body often deteriorates upon taking
                  | damage. [a shining eye]
   554 | D        | Gained mutation: You are very dopey. (Int -4) [a shining
                  | eye]
   556 | D        | Lost strength.
   556 | D        | Gained mutation: You are weak. (Str -2) [a shining eye]
   561 | D        | Gained mutation: You occasionally shout uncontrollably at
                  | your foes. [a shining eye]
   562 | D        | Gained mutation: You are frail. (-10% HP) [a shining eye]
   566 | D        | Gained mutation: You sometimes yell uncontrollably at your
                  | foes. [a shining eye]
   575 | D        | Found Anoasmab's Magic Scroll Shop.
   575 | D        | Found Etuerastrob's General Store.
   575 | D        | Found Paota's Jewellery Boutique.
   575 | D        | Found Murphuema's Food Emporium.
   590 | D        | Bought a potion of heal wounds for 70 gold pieces
   597 | D        | Bought a scroll of blinking for 75 gold pieces
   597 | D        | Bought a scroll of acquirement for 520 gold pieces
   597 | D        | Identified the Disquisition on Companions and the Glacier
                  | (You acquired it in the Dungeon)
   597 | D        | Identified the ring "Axiolan" {MP+9 Str+2} (You acquired it
                  | in the Dungeon)
   620 | D        | Learned a level 6 spell: Iron Shot
   663 | D        | Offered knowledge of Freezing Cloud by Vehumet.
   680 | D        | Lost strength.
   937 | D        | Noticed a lindwurm
   940 | D        | Killed a lindwurm
   956 | D        | Reached skill level 20 in Dodging
  1003 | D        | Noticed a 12-headed hydra
  1006 | D        | Slain by a 12-headed hydra

Levels and vault maps discovered:
D:        dungeon_sprint_1 [red_sonja_temple_1, red_sonja_temple_small_1]

Skill      XL: |  1  2  3  4  5  6  7  8  9 10 11 |
---------------+----------------------------------+-----
Dodging        | 6 8 10 13 15 16 18 20 | 20.4
Spellcasting   | 5 7 8 11 13 14 16 17 | 17.7
Earth Magic    | 5 6 8 10 12 13 15 16 | 16.5
Stealth        | |  1.4
Transmutations | |  1.0

Action                   |  1- 3 |  4- 6 |  7- 9 | 10-12 || total
-------------------------+-------+-------+-------+-------++-------
 Cast: Sandblast         |     3 |    16 |    53 |   112 ||   184
       Iron Shot         |       |       |       |    13 ||    13
 Abil: Fly               |       |       |     1 |       ||     1
  Use: Potion            |       |     1 |       |     2 ||     3
       Scroll            |       |       |       |     2 ||     2
  Eat: Ration            |       |       |       |     1 ||     1
       Chunk             |       |       |       |     1 ||     1
Dodge: Dodged            |     2 |     4 |    31 |   142 ||   179
